 Dungeon Sprint DCSS version 0.31-a0-344-gd109795599 (webtiles) character file.

Game seed: 3035592370432203797

154 Conn the Arsonist (level 5, -9/31 HPs)
             Began as an Octopode Fire Elementalist on July 22, 2023.
             Engulfed by a cloud of flame (22 damage)
             ... in the Dungeon (Sprint III: "The Ten Rune Challenge").
             The game lasted 00:03:26 (505 turns).

Conn the Arsonist (Octopode Fire Elementalist)       Turns: 505, Time: 00:03:27

Health: -9/31      AC:  1    Str:  6    XL:     5   Next: 36%
Magic:  4/12       EV: 14    Int: 18    God:
Gold:   37         SH:  0    Dex: 17    Spells: 3/13 levels left

rFire   . . .        h - +0 dagger
rCold   . . .        (no shield)
rNeg    . . .        (helmet restricted)
rPois   .            (no amulet)
rElec   .            (no ring)
rCorr   .            (no ring)
SInv    .            (no ring)
Will    +....        (no ring)
Stlth   ++++         (no ring)
HPRegen 0.25/turn    (no ring)
MPRegen 0.13/turn    (no ring)
                     (no ring)

%: no teleportation
@: enlightened, flying
A: almost no armour, amphibious, 8 rings, camouflage 1, gelatinous body 1,
(nimble swimmer 1), tentacles, agile 1
a: no special abilities


You were in the Dungeon.
You visited 1 branch You collected 37 gold pieces.

Inventory:

Hand Weapons
 h - a +0 dagger (weapon)
Scrolls
 g - 3 scrolls of identify
 j - a scroll of torment
 l - a scroll of enchant weapon {unknown}
Potions
 a - 3 potions of magic
 b - 2 potions of curing
 c - a potion of heal wounds
 d - a potion of haste
 i - a potion of mutation
 m - a potion of degeneration {unknown}


   Skills:
 + Level 0.1 Fighting
 + Level 0.1 Short Blades
 + Level 3.8 Dodging
 + Level 5.2 Stealth
 + Level 4.9 Spellcasting
 + Level 2.1 Conjurations
 + Level 8.0 Fire Magic


You had 3 spell levels left.
You knew the following spells:

 Your Spells              Type           Power      Damage    Failure   Level
a - Foxfire               Conj/Fire      88%        2x1d8     1%          1
b - Scorch                Fire           66%        2d8       1%          2
c - Inner Flame           Hex/Fire       19%        N/A       8%          3
d - Flame Wave            Conj/Fire      22%        2d8       16%         4

Your spell library contained the following spells:

 Spells                   Type           Power      Damage    Failure   Level
 Volatile Blastmotes      Fire/Tloc      38%        2d13      8%          3


Dungeon Overview and Level Annotations

Branches:
Dungeon (1/1)

Altars:
Kikubaaqudgha
Sif Muna
Vehumet


Innate Abilities, Weirdness & Mutations

You cannot wear most types of armour.
You are amphibious.
You can wear up to eight rings at the same time.
Your skin changes colour to match your surroundings (Stealth+).
Your rubbery body absorbs attacks. (AC +1, EV +1)
((You are camouflaged when in or above water. (Stealth+)))
You have tentacles for arms and can constrict up to eight enemies at once.
You are agile. (Dex +4, Str/Int -1)


Message History

You hear a shout!
A human comes into view. It is wielding a +0 whip.
A human comes into view.
Casting: Foxfire (safe; 1% risk of failure)
Confirm with . or Enter, or press ? or * to list all spells.
The spell is quite dangerous to miscast (8% risk of failure)!
Continue anyway?
Aiming: Inner Flame (quite dangerous; 8% risk of failure)
Press: ? - help, Dir - move target, f - human
Aim: a human, wearing a +0 ring mail (wandering, strong, hasn't noticed you, chance to affect: 74%)
The human is filled with an inner flame.
A deep elf pyromancer comes into view.
It is wielding a +1 long sword of holy wrath.
The deep elf pyromancer shouts!
Casting: Inner Flame (quite dangerous; 8% risk of failure)
Confirm with . or Enter, or press ? or * to list all spells.
The spell is extremely dangerous to miscast (16% risk of failure)!
Continue anyway?
Casting: Flame Wave (extremely dangerous; 16% risk of failure)
Press: ? - help, Dir - look around, f - activate A wave of flame ripples out!
The tree burns like a torch! (Press . to intensify the flame waves.)
The forest fire spreads!
Unknown command.
Unknown command.
Unknown command.
A wave of flame ripples out!
The tree burns like a torch!
You are engulfed in a cloud of scalding steam.
The human rages.
Unknown command.
Unknown command.
Unknown command.
Unknown command.
Unknown command.
You are engulfed in a cloud of scalding steam.
The deep elf pyromancer mumbles some strange words.
The deep elf pyromancer blinks!
Unknown command.
It was a potion of enlightenment.
You feel very buoyant.
You fly up into the air.
You are engulfed in blazing flames.
Ouch! That really hurt!
You die...

▓▓▓▓▓▓▓▓▓▓▓▓▓ ▓▓▓
▓<§#..'...♣.♣ ♣.#
▓..#..#....♣♣♣ ♣.#
▓#'####......♣ ♣.# #
▓.....#....~♣♣♣♣♣§###'#+###
▓.....#...~~§§§§§§#........
▓.....#..~~~§§@§p§p.⌠......
▓####[#..~≈≈§§~.§.#...####
▓.....#.~~≈~§~§)..#4⌠.#
▓.....#.~≈~~§§§...#...#
▓.....#.~~~.......#)###
▓'#####....÷......#K5
▓.................#5__
▓▓▓▓▓▓▓▓▓▓▓▓▓▓▓▓▓▓▓▓▓▓▓


You could see 2 humans.

Vanquished Creatures
  A water elemental (D)
  Jessica (D)
  A wizard (D)
  A kobold demonologist (D)
  A human (D)
  A phantom (D)
  An endoplasm (D)
  A rat (D)
8 creatures vanquished.

Vanquished Creatures (others)
  36 foxfires (D)
36 creatures vanquished.

Grand Total: 44 creatures vanquished

Notes
Turn   | Place    | Note
-------+----------+-------------------------------------------
     0 | D        | Conn the Octopode Fire Elementalist began the quest for the
                  | Orb.
     0 | D        | Reached XP level 1. HP: 11/11 MP: 3/3
    43 | D        | Noticed Jessica
    47 | D        | Killed Jessica
    48 | D        | Reached skill level 5 in Fire Magic
    48 | D        | Reached XP level 2. HP: 17/17 MP: 1/6
    48 | D        | Reached XP level 3. HP: 21/21 MP: 1/7
    51 | D        | Learned a level 2 spell: Scorch
    55 | D        | Learned a level 3 spell: Inner Flame
   221 | D        | Reached skill level 6 in Fire Magic
   277 | D        | Gained mutation: You occasionally lose the ability to drink
                  | potions when taking damage. [potion of mutation]
   278 | D        | Lost mutation: You occasionally lose the ability to drink
                  | potions when taking damage. [potion of mutation]
   278 | D        | Gained mutation: Your mind is acute. (Int +4, Str/Dex -1)
                  | [potion of mutation]
   278 | D        | Gained mutation: You are agile. (Dex +4, Str/Int -1)
                  | [potion of mutation]
   278 | D        | Lost mutation: Your mind is acute. (Int +4, Str/Dex -1)
                  | [potion of mutation]
   286 | D        | Noticed a water elemental
   289 | D        | Killed a water elemental
   290 | D        | Reached skill level 7 in Fire Magic
   290 | D        | Reached XP level 4. HP: 27/27 MP: 1/10
   368 | D        | Learned a level 4 spell: Flame Wave
   374 | D        | Found a radiant altar of Vehumet.
   374 | D        | Found a shimmering blue altar of Sif Muna.
   374 | D        | Found an ancient bone altar of Kikubaaqudgha.
   374 | D        | Noticed a wizard
   376 | D        | Killed a wizard
   377 | D        | Reached skill level 5 in Stealth
   377 | D        | Reached XP level 5. HP: 31/31 MP: 7/12
   381 | D        | Noticed a rust devil
   403 | D        | Reached skill level 8 in Fire Magic
   500 | D        | Noticed a human
   500 | D        | Noticed a human
   501 | D        | Noticed a deep elf pyromancer
   505 | D        | Engulfed by a cloud of flame

Illustrated notes

Levels and vault maps discovered:
D:        dungeon_sprint_mu [sprint_mu_entry_forest, sprint_mu_temple_rooms,
          sprint_mu_d1_spiders, sprint_mu_d2_genie, sprint_mu_d3_branching,
          sprint_mu_orc_legion, sprint_mu_elf_gauntlet, sprint_mu_hive_nellie,
          sprint_mu_lair_fedhas, sprint_mu_vaults_butterflies,
          sprint_mu_slime_circle, sprint_mu_swamp_cave, sprint_mu_shoals_archi,
          sprint_mu_blade_basic, sprint_mu_crypt_fortress,
          sprint_mu_tomb_spiral, sprint_mu_vestibule_basic,
          sprint_mu_gehenna_hellfire, sprint_mu_dis_giant,
          sprint_mu_tartarus_statrot, sprint_mu_cocytus_islands, sprint_mu_zot1]

Skill      XL: |  1  2  3  4  5 |
---------------+----------------+-----
Stealth        | 3 4 5 |  5.2
Spellcasting   | 3 4 |  4.9
Fire Magic     | 5 7 8 |  8.0
Dodging        | 3 |  3.8
Conjurations   | 2 |  2.1
Fighting       | |  0.1
Short Blades   | |  0.1

Action                     |  1- 3 |  4- 6 || total
---------------------------+-------+-------++-------
  Melee: Tentacles         |     1 |     6 ||     7
         Constrict         |     1 |     2 ||     3
         Unarmed           |     1 |       ||     1
         Dagger            |       |     9 ||     9
   Cast: Foxfire           |    16 |     4 ||    20
         Scorch            |     3 |     5 ||     8
         Inner Flame       |       |     1 ||     1
         Flame Wave        |       |     1 ||     1
    Use: Potion            |     2 |     2 ||     4
         Scroll            |       |     2 ||     2
  Dodge: Dodged            |       |     8 ||     8

Table legend: (Time is in decaauts)
 A = Elapsed time spent in this place.
 B = Non-inter-level travel time spent in this place.
 C = Inter-level travel time spent in this place.
 D = Time resting spent in this place.
 E = Time spent auto-exploring this place.
 F = Levels seen in this place.
 G = Mean time per level.
                   A        B        C        D        E       F      G
               +--------+--------+--------+--------+--------+-----+--------+
         Total |    510 |    510 |      0 |    242 |    102 |   1 |  510.0 |
       Dungeon |    510 |    510 |      0 |    242 |    102 |   1 |  510.0 |
               +--------+--------+--------+--------+--------+-----+--------+

Top non-repeatable levels by time:
       D: 510 daAuts
